AoeStats
← HundredEyes

Arena

510388581Analyzed
4v4 RM · 17h ago on Sep 30, 2026· 45m 19s· 8 players
Game mode
Random Map
Map size
Large (8 player)
Population
200
Speed
Normal
Resources
Standard
Victory
Conquest
Starting age
Dark Age
Ending age
Imperial Age
RankedLock teamsTeams togetherTeam positionsShared explorationLock speedFull tech treeHidden civsTurbo modeCheats
Victory
Defeat
🇨🇱 Celts · Chile
857
+14
🇮🇹 Japanese · Italy
844
+15
🇪🇸 Franks · Spain
774
+18
🇬🇧 Danes · United Kingdom
736
+19
🇨🇦 Vikings · Canada
861
-18
🇺🇸 Bohemians · United States
817
-17
🇲🇽 Khmer · Mexico
798
-16
🇪🇸 Mongols · Spain
775
-15
mimotaker
0:39 Loom
4:01 Loom
4:38 Loom
11:36 Feudal Age
17:26 Castle Age
15:53 Double-Bit Axe
15:55 Horse Collar
16:56 Gold Mining
18:08 Stone Mining
20:01 Wheelbarrow
21:16 Bow Saw
21:54 Heavy Plow
22:05 Fletching
23:47 Hand Cart
25:57 Town Watch
29:38 Padded Archer Armor
29:34 Bodkin Arrow
35:20 Imperial Age
33:13 Tusk Swords
34:39 Gold Shaft Mining
34:19 Forging
34:10 Scale Mail Armor
34:16 Scale Barding Armor
35:32 Leather Archer Armor
36:12 Double Crossbow
37:21 Crossbowman
37:27 Heavy Scorpion
39:17 Bloodlines
39:27 Arbalester
41:02 Bracer
41:32 Ring Archer Armor
42:02 Onager
DingZ
11:36 Feudal Age
16:15 Castle Age
15:21 Forging
15:13 Horse Collar
15:24 Double-Bit Axe
21:14 Gold Mining
23:09 Iron Casting
22:50 Heavy Plow
23:24 Scale Mail Armor
25:44 Fletching
27:58 Bow Saw
31:10 Imperial Age
29:18 Chain Mail Armor
31:00 Masonry
30:16 Pikeman
32:05 Chieftains
31:42 Elite Skirmisher
32:38 Bodkin Arrow
35:30 Conscription
37:02 Two-Man Saw
37:27 Elite Varangian Guard
40:39 Elite Berserk
40:47 Light Cavalry
Williamjason007
11:45 Feudal Age
18:28 Castle Age
16:36 Double-Bit Axe
16:48 Horse Collar
17:44 Forging
18:13 Arson
20:04 Heavy Plow
29:27 Imperial Age
27:10 Squires
28:08 Ballistics
27:12 Pikeman
29:35 Iron Casting
31:12 Chemistry
31:03 Bow Saw
30:51 Halberdier
32:34 Blast Furnace
33:22 Scale Mail Armor
34:18 Chain Mail Armor
34:23 Houfnice
36:34 Plate Mail Armor
39:24 Padded Archer Armor
39:16 Fletching
43:07 Bodkin Arrow
43:28 Leather Archer Armor
HundredEyes
0:29 Loom
10:30 Feudal Age
10:57 Horse Collar
11:04 Double-Bit Axe
20:45 Castle Age
25:51 Bow Saw
25:48 Heavy Plow
27:16 Stone Mining
27:16 Gold Mining
27:17 Stone Mining
30:23 Town Watch
31:14 Wheelbarrow
35:03 Imperial Age
34:16 Bloodlines
34:06 Husbandry
33:27 Light Cavalry
34:10 Fletching
34:21 Padded Archer Armor
34:26 Scale Barding Armor
34:32 Forging
34:46 Caravan
35:25 Hussar
36:38 Chain Barding Armor
36:35 Thumb Ring
36:57 Parthian Tactics
37:47 Gold Shaft Mining
37:48 Stone Shaft Mining
38:13 Conscription
38:46 Iron Casting
39:42 Elite Mangudai
41:32 Ballistics
42:17 Bodkin Arrow
43:06 Hand Cart
42:57 Town Patrol
SlyScissors443
6:47 Loom
11:01 Feudal Age
12:38 Double-Bit Axe
14:19 Horse Collar
20:48 Castle Age
18:52 Stone Mining
19:18 Gold Mining
22:11 Bow Saw
22:08 Heavy Plow
22:53 Stone Shaft Mining
22:54 Gold Shaft Mining
26:28 Wheelbarrow
25:40 Town Watch
30:44 Imperial Age
28:58 Hand Cart
30:30 Forging
30:22 Scale Mail Armor
32:56 Elite Jomsviking
33:58 Conscription
34:22 Iron Casting
34:03 Chain Mail Armor
36:15 Blast Furnace
36:34 Plate Mail Armor
39:16 Squires
Nalia
9:08 Feudal Age
8:58 Loom
10:58 Double-Bit Axe
16:44 Castle Age
15:52 Loom
17:30 Horse Collar
18:06 Bow Saw
17:52 Gold Mining
17:34 Man-at-Arms
22:16 Town Watch
23:49 Wheelbarrow
24:10 Heavy Plow
28:19 Hand Cart
28:22 Stone Mining
31:14 Imperial Age
28:23 Long Swordsman
28:49 Gambesons
30:14 Arson
29:51 Pikeman
31:18 Two-Handed Swordsman
32:13 Siege Engineers
32:30 Ballistics
33:14 Chemistry
32:54 Gold Shaft Mining
33:10 Forging
33:01 Scale Mail Armor
32:52 Fletching
32:28 Capped Ram
32:31 Onager
33:55 Conscription
34:59 Elite Woad Raider
35:17 Halberdier
36:19 Guilds
37:12 Iron Casting
36:53 Chain Mail Armor
38:25 Furor Celtica
38:54 Stronghold
39:17 Elite Woad Raider
44:23 Blast Furnace
43:53 Plate Mail Armor
43:19 Bodkin Arrow
Stanislaus1234
4:53 Loom
11:09 Feudal Age
17:05 Castle Age
15:12 Double-Bit Axe
18:49 Wheelbarrow
23:55 Bow Saw
26:07 Hand Cart
26:05 Town Watch
27:09 Caravan
28:00 Forging
29:24 Town Patrol
30:54 Iron Casting
31:37 Scale Barding Armor
31:32 Gold Mining
33:11 Gold Shaft Mining
35:42 Imperial Age
34:02 Husbandry
34:26 Chain Barding Armor
33:37 Light Cavalry
34:58 Stone Mining
36:31 Chivalry
35:54 Cavalier
36:39 Squires
37:53 Blast Furnace
37:31 Conscription
36:38 Pikeman
37:34 Scale Mail Armor
38:40 Fortified Wall
39:32 Chemistry
38:44 Fortified Wall
38:15 Paladin
38:56 Capped Ram
40:58 Plate Barding Armor
yellowmonday
11:30 Feudal Age
16:53 Castle Age
15:20 Double-Bit Axe
15:21 Horse Collar
15:35 Stone Mining
16:09 Gold Mining
18:18 Bow Saw
18:13 Heavy Plow
21:46 Fortified Wall
21:30 Loom
23:58 Wheelbarrow
25:10 Gold Shaft Mining
28:48 Imperial Age
26:40 Gambesons
28:03 Forging
27:53 Scale Mail Armor
28:10 Squires
27:33 Man-at-Arms
28:58 Ballistics
29:24 Iron Casting
29:36 Hand Cart
28:53 Long Swordsman
31:44 Two-Man Saw
30:52 Two-Handed Swordsman
32:36 Blast Furnace
31:51 Chain Mail Armor
33:37 Chemistry
32:10 Champion
32:44 Fletching
33:49 Padded Archer Armor
34:55 Kataparuto
35:13 Hoardings
35:27 Siege Engineers
37:40 Plate Mail Armor
39:34 Pikeman
Connection lost

Rejoining the realm…

Still unreachable

The connection could not be restored.

Session expired

The server has moved on; the page needs a fresh start.